 Seeded DCSS version 0.29-a0-375-g5102b3be25 (webtiles) character file.

Game seed: 3853640191977401903 (custom seed)

25 zeratav the Chopper (level 2, -2/39 HPs)
             Began as a Minotaur Berserker on May 3, 2022.
             Was a Follower of Trog.
             Slain by a gnoll
             ... wielding a +0 flail
              (14 damage)
             ... on level 1 of the Dungeon.
             The game lasted 00:00:53 (565 turns).

zeratav the Chopper (Minotaur Berserker)             Turns: 565, Time: 00:00:53

Health: -2/39      AC:  2    Str: 21    XL:     2   Next: 86%
Magic:  1/1        EV: 12    Int:  4    God:    Trog [*.....]
Gold:   45         SH:  0    Dex:  9    Spells: 1/1 levels left

rFire   . . .      SeeInvis .   a - +0 hand axe {axe}
rCold   . . .      Faith    .   (no shield)
rNeg    . . .      Spirit   .   b - +0 animal skin
rPois   .          Reflect  .   (helmet restricted)
rElec   .          Harm     .   (no cloak)
rCorr   .          Rampage  .   (no gloves)
Will    .....                   (no boots)
Stlth   ..........              (no amulet)
HPRegen 0.13/turn               (no ring)
MPRegen 0.07/turn               (no ring)

@: berserking, very quick
A: horns 2, retaliatory headbutt
a: Renounce Religion, Berserk


You were on level 1 of the Dungeon.
You worshipped Trog.
Trog was aware of your devotion.
You visited 1 branch of the dungeon, and saw 1 of its levels.

You collected 45 gold pieces.


Innate Abilities, Weirdness & Mutations

You have a pair of horns on your head.
You reflexively headbutt those who attack you in melee.


   Skills:
 - Level 3.6 Fighting
 + Level 5.0 Axes
 - Level 2.4 Armour
 - Level 2.1 Dodging


You had one spell level left.
You didn't know any spells.
Your spell library was empty.

Inventory:

Hand Weapons
 a - a +0 hand axe (weapon) {axe}
Armour
 b - a +0 animal skin (worn)
Scrolls
 d - 3 scrolls of teleportation {unknown}
 e - a scroll of amnesia {unknown}
 f - a scroll of silence {unknown}
 g - a scroll of torment {unknown}
Potions
 c - a potion of curing {unknown}

Dungeon Overview and Level Annotations

Branches:
Dungeon (1/15)

Altars:

#......##..#.#
.....♣P......###
#.P≈≈.≈♣≈≈P...# .. .
....♣≈≈≈P≈≈...#..### ...##
#P≈P≈≈≈≈≈≈≈≈♣....... #...
♣≈≈♣≈≈≈≈.≈≈.## .... ####
#.♣.≈≈≈≈≈.≈≈P.#..#
....≈≈.≈≈♣≈≈♣.....#.. #.
.....Pg...#)#@##...._...
..##.#.##...g..>..#...#.
#### . #......).#####.##.##.
#<.##
##...###.#####.....$.###...
(.............#........###..
......####..#...# #..##...
...#.##..##.##.## #..#....
...# #....#))#.#######.#>###
.. #..#))..#.........###


You could see a gnoll.


Message History

You take 4 damage, and now have 22/39 hp.
You closely miss the goblin. You hit the hobgoblin.
You kill the hobgoblin!
Trog accepts your kill. The goblin hits you with a +0 club.
HP[-2]
You take 2 damage, and now have 20/39 hp.
You closely miss the goblin. You barely miss the goblin.
The goblin closely misses you.
You slash the goblin!
You feel the power of Trog in you as your rage grows.
You kill the goblin!
Trog accepts your kill.
The dart slug briefly extends its eye-stalks.
HP[+1]
Things that are here:
a +0 club {mace}; a goblin corpse You feel a strong urge to attack something.
You slash the plant!
The plant begins to die.
You enter the shallow water.
Moving in this stuff is going to be slow.
You feel a strong urge to attack something.
A nearby plant withers and dies.
You feel your anger nearly subside.
You are no longer berserk.
You are exhausted.
You feel yourself slow down.
HP[-7]
You now have 26 max hp (-13).
You enter the shallow water.
Moving in this stuff is going to be slow.
The dart slug launches a dart at you. The slug dart hits you.
* * * LOW HITPOINT WARNING * * *
HP[-3]
You take 3 damage, and now have 11/26 hp.
The dart slug misses you.
The dart slug bites you but does no damage.
You completely miss the dart slug. You headbutt the dart slug.
You hit the plant.
The plant begins to die.
The dart slug launches a dart at you.
The slug dart hits you but does no damage.
You hit the dart slug. You hit the plant. The dart slug bites you.
* * * LOW HITPOINT WARNING * * *
HP[-2]
You take 2 damage, and now have 9/26 hp.
Your unstable footing causes you to fumble your attack.
A nearby plant withers and dies.
The dart slug splashes around in the water.
Your unstable footing causes you to fumble your attack.
The dart slug bites you.
* * * LOW HITPOINT WARNING * * *
HP[-2]
You take 2 damage, and now have 7/26 hp.
You slash the dart slug!
You kill the dart slug!
Trog accepts your kill.
Your Axes skill increases to level 5!
You start resting.
You feel yourself speed up.
HP[+2]
You regained 2 hp, and now have 9/26 hp.
You start resting.
You recover from your berserk rage.
HP[+1]
You start resting.
A gnoll comes into view. It is wielding a +0 flail.
HP[+3]
You regained 3 hp, and now have 13/26 hp.
A gnoll is nearby!
You enter the shallow water.
Moving in this stuff is going to be slow.
Things that are here:
a +0 club {mace}; a goblin corpse; HP[+1]
You start resting.
A gnoll is nearby!
HP[+1]
The gnoll shouts!
The gnoll throws a stone.
The stone hits you.
* * * LOW HITPOINT WARNING * * *
HP[-5]
You take 5 damage, and now have 10/26 hp.
Found a faded altar of an unknown god.
A gnoll is nearby!
You start resting.
A gnoll is nearby!
You start resting.
A gnoll is nearby!
A red film seems to cover your vision as you go berserk!
You feel yourself moving faster!
You feel mighty!
The gnoll throws a stone.
The stone closely misses you.
HP[+6]
You now have 39 max hp (+13).
You regained 6 hp, and now have 16/39 hp.
You feel a strong urge to attack something.
You slash the gnoll! The gnoll hits you with a +0 flail.
* * * LOW HITPOINT WARNING * * *
HP[-4]
You take 4 damage, and now have 12/39 hp.
You barely miss the gnoll. The gnoll hits you with a +0 flail!
You die...

Skill      XL: |  1  2 |
---------------+-------+-----
Axes           | 4 5 |  5.0
Fighting       | |  3.6
Armour         | |  2.4
Dodging        | |  2.1

Action                   || total
-------------------------++-------
Melee: Hand axe          ||    31
       Headbutt          ||     2
Invok: Berserk           ||     3
Armor: Animal skin       ||     2
Dodge: Dodged            ||    22

Levels and vault maps discovered:
D:1:      minmay_arrival_jagged, layout_rooms, serial_bayou,
          serial_bayou_pond_b, serial_bayou_pond_c, serial_bayou_lake_a,
          serial_bayou_ford_a, ebering_ecumenical_altar_box,
          minmay_close_crescents

Notes
Turn   | Place    | Note
-------+----------+-------------------------------------------
     0 | D:1      | zeratav the Minotaur Berserker began the quest for the Orb.
     0 | D:1      | Reached XP level 1. HP: 19/19 MP: 0/0
     0 | D:1      | magus.rc [v1.9.6]
   137 | D:1      | Reached skill level 4 in Axes
   237 | D:1      | Reached XP level 2. HP: 14/26 MP: 1/1
   469 | D:1      | Reached skill level 5 in Axes
   555 | D:1      | Found a faded altar of an unknown god.
   565 | D:1      | Slain by a gnoll

Vanquished Creatures
  A gnoll (D:1)
  A dart slug (D:1)
  An endoplasm (D:1)
  A giant cockroach (D:1)
  2 hobgoblins (D:1)
  2 frilled lizards (D:1)
  2 goblins (D:1)
  4 kobolds (D:1)
  A rat (D:1)
15 creatures vanquished.

Vanquished Creatures (others)
  5 plants (D:1)
5 creatures vanquished.

Grand Total: 20 creatures vanquished

Table legend:
 A = Non-vault XP
 B = Vault XP
 C = Vault XP percentage of total XP
 D = Non-vault monster count
 E = Vault monster count
 F = Vault count percentage of total count
                 A         B        C        D         E       F
            +---------+---------+-------+---------+---------+-------
      Total |      10 |      27 |  73.0 |       7 |       8 |  53.3
            +---------+---------+-------+---------+---------+-------
        D:1 |      10 |      27 |  73.0 |       7 |       8 |  53.3
            +---------+---------+-------+---------+---------+-------

Illustrated notes

Table legend:
 A = Kills in this place as a percentage of kills in entire the game.
 B = Kills by you in this place as a percentage of kills by you in the entire game.
 C = Kills by friends in this place as a percentage of kills by friends in the entire game.
 D = Other kills in this place as a percentage of other kills in the entire game.
 E = Experience gained in this place as a percentage of experience gained in the entire game.
 F = Experience gained in this place divided by the number of levels of this place that you have seen.
                   A       B       C       D       E      F
               +-------+-------+-------+-------+-------+----------------------
         Total | 100.0 | 100.0 |   N/A |   N/A | 100.0 |  37.0
       Dungeon | 100.0 | 100.0 |   N/A |   N/A | 100.0 |  37.0
               +-------+-------+-------+-------+-------+----------------------

Table legend: (Time is in decaauts)
 A = Elapsed time spent in this place.
 B = Non-inter-level travel time spent in this place.
 C = Inter-level travel time spent in this place.
 D = Time resting spent in this place.
 E = Time spent auto-exploring this place.
 F = Levels seen in this place.
 G = Mean time per level.
                   A        B        C        D        E       F      G
               +--------+--------+--------+--------+--------+-----+--------+
         Total |    589 |    589 |      0 |    286 |    205 |   1 |  589.0 |
       Dungeon |    589 |    589 |      0 |    286 |    205 |   1 |  589.0 |
               +--------+--------+--------+--------+--------+-----+--------+

Top non-repeatable levels by time:
     D:1: 589 daAuts
